 Dungeon Crawl Stone Soup version 0.22.1-1-ga44c0e56f4 (webtiles) character file.

83029 Peloso the Peltast (level 15, -12/138 HPs)
             Began as a Minotaur Fighter on Sept 23, 2018.
             Was the Champion of Okawaru.
             Mangled by a fire giant
             ... wielding a +0 great sword of flaming
              (23 damage)
             ... on level 15 of the Dungeon.
             The game lasted 01:06:06 (26538 turns).

Peloso the Peltast (Minotaur Fighter)              Turns: 26538, Time: 01:06:06

Health: -12/138    AC: 19    Str: 25    XL:     15   Next: 31%
Magic:  13/15      EV: 15    Int:  8    God:    Okawaru [******]
Gold:   1382       SH: 12    Dex: 12    Spells: 14/14 levels left

rFire    . . .     SeeInvis .   a - +1 double sword (holy)
rCold    . . .     Gourm    .   c - +3 warlock's mirror {reflect}
rNeg     . . .     Faith    .   b - +1 chain mail "Sedalu" {rElec Slay+5 Stlth-}
rPois    .         Spirit   .   Z - +0 hat {Int+3}
rElec    +         Reflect  +   S - scarf {cloud immunity}
rCorr    +         Harm     .   (no gloves)
MR       +....                  (no boots)
Stlth    ..........             (no amulet)
HPRegen  0.33/turn              H - +3 ring of protection
MPRegen  0.14/turn              G - ring of resist corrosion

@: heroism, very slightly contaminated
A: retaliatory headbutt, horns 2
a: Heroism, Finesse, Renounce Religion


You were on level 15 of the Dungeon.
You worshipped Okawaru.
Okawaru was exalted by your worship.
You were very hungry.

You visited 2 branches of the dungeon, and saw 21 of its levels.
You also visited: Volcano.

You collected 1382 gold pieces.

Inventory:

Hand Weapons
 a - a +1 double sword of holy wrath (weapon)
 k - a +1 spear of flaming
Armour
 b - the +1 chain mail "Sedalu" (worn) {rElec Slay+5 Stlth-}
   (Okawaru gifted it to you on level 5 of the Lair of Beasts)

   It affects your accuracy and damage with ranged weapons and melee attacks
   (+5).
   It insulates you from electricity.
   It makes you less stealthy.
 c - the +3 warlock's mirror (worn) {reflect}
   (You found it on level 1 of the Lair of Beasts)
 S - a scarf of cloud immunity (worn)
 Z - a +0 hat of intelligence (worn)
Jewellery
 y - an uncursed amulet of regeneration
 G - a ring of resist corrosion (right hand)
 H - a +3 ring of protection (left hand)
 U - an uncursed ring of flight
 W - an uncursed ring of stealth
Wands
 h - a wand of paralysis (31)
 l - a wand of flame (61)
 u - a wand of digging (2)
Scrolls
 e - a scroll of enchant weapon
 g - a scroll of fear
 j - 10 scrolls of teleportation
 m - 4 scrolls of identify
 n - 6 scrolls of remove curse
 q - a scroll of fog
 J - 2 scrolls of silence
 R - a scroll of blinking
 V - a scroll of magic mapping
Potions
 d - a potion of might
 i - 2 potions of brilliance
 o - a potion of degeneration {unknown}
 p - 4 potions of curing
 s - a potion of resistance
 v - 2 potions of agility
 w - 6 potions of haste
 z - 3 potions of flight
 I - 3 potions of invisibility
Comestibles
 f - 59 rations


   Skills:
 + Level 14.2(19.2) Fighting
 + Level 15.9(20.9) Long Blades
 + Level 4.3(9.3) Polearms
 + Level 15.0(20.0) Armour
 + Level 6.4(11.4) Dodging
 + Level 2.2(7.2) Stealth
 + Level 16.6(21.6) Shields
 + Level 2.5 Invocations
 + Level 1.1 Evocations


You had 14 spell levels left.
You didn't know any spells.
Your spell library contained the following spells:

 Spells                   Type           Power        Failure   Level  Hunger
 Animate Skeleton         Necr           N/A          80%         1    ##.....
 Apportation              Tloc           #.....       80%         1    ##.....
 Confusing Touch          Hex            #.....       80%         1    ##.....
 Freeze                   Ice            #...         80%         1    ##.....
 Magic Dart               Conj           #...         80%         1    ##.....
 Sandblast                Erth           #.....       80%         1    ##.....
 Summon Small Mammal      Summ           #...         80%         1    ##.....
 Blink                    Tloc           N/A          90%         2    ###....
 Passwall                 Tmut/Erth      #.......     90%         2    ###....
 Searing Ray              Conj           #.....       90%         2    ###....
 Shroud of Golubria       Chrm/Tloc      #.........   90%         2    ###....
 Throw Frost              Conj/Ice       #.....       90%         2    ###....
 Dazzling Spray           Conj/Hex       #.....       99%         3    ####...
 Gell's Gravitas          Tloc           #.........   99%         3    ####...
 Lesser Beckoning         Tloc           #.........   99%         3    ####...
 Ozocubu's Armour         Chrm/Ice       #.......     99%         3    ####...
 Stone Arrow              Conj/Erth      #.....       99%         3    ####...
 Teleport Other           Tloc           #.......     99%         3    ####...
 Force Lance              Conj/Tloc      #.......     100%        4    #####..
 Fulminant Prism          Conj/Hex       #.........   100%        4    #####..
 Ice Form                 Ice/Tmut       #.......     100%        4    #####..
 Iskenderun's Mystic Bla  Conj           #.......     100%        4    #####..
 Passage of Golubria      Tloc           N/A          100%        4    #####..
 Petrify                  Tmut/Erth      #.......     100%        4    #####..
 Summon Ice Beast         Ice/Summ       #.......     100%        4    #####..
 Throw Icicle             Conj/Ice       #.......     100%        4    #####..
 Lee's Rapid Deconstruct  Erth           #.........   100%        5    ######.
 Metabolic Englaciation   Hex/Ice        #.........   100%        5    ######.
 Bolt of Cold             Conj/Ice       #.........   100%        6    #######
 Dispersal                Tloc           #.........   100%        6    #######
 Freezing Cloud           Conj/Ice/Air   #.........   100%        6    #######
 Ozocubu's Refrigeration  Ice            #.........   100%        6    #######
 Simulacrum               Ice/Necr       #.........   100%        6    #######


Dungeon Overview and Level Annotations

Branches:
Dungeon (15/15)            Temple (0/1) D:4            Lair (6/6) D:8
  Swamp (0/4) Lair:3        Snake (0/4) Lair:2        Slime (0/5) Lair:6
    Orc (0/2) D:11         Vaults (0/5) D:13         Depths (0/5) D:15

Altars:
Ashenzari
Fedhas
Hepliaklqana
Kikubaaqudgha
Okawaru
Uskayaw
Wu Jian
Xom
Zin
The Shining One
Jiyva

Shops:
D:12 :   D:15 *

Annotations:
D:12 3 runed doors, ciphuk's ghost, journeyman KoBe


Innate Abilities, Weirdness & Mutations

You reflexively headbutt those who attack you in melee.
You have a pair of horns on your head.


Message History

You block the orc knight's attack.
Unknown command.
You hit the fire giant.
The fire giant is lightly wounded.
The fire giant hits you with a great sword of flaming.
* * * LOW HITPOINT WARNING * * *
The fire giant burns you.
* * * LOW HITPOINT WARNING * * *
Unknown command.
You slash the fire giant!
The fire giant is moderately wounded.
The orc knight misses you.
You riposte.
You closely miss the orc knight.
The orc priest mumbles some strange prayers to Beogh against you.
Beogh smites you!
* * * LOW HITPOINT WARNING * * *
You slash the fire giant!
You headbutt the fire giant, but do no damage.
The fire giant is heavily wounded.
The fire giant hits you with a great sword of flaming!!
You die...

*,* *.# #.# *#..
*,*****########.#####.########.
*,,,,,,........).............?.
*,*****#.#####5####..§......C##
*,* *,* #.# #..........# ***,*
*,* #.# #.≈...§....# ,,,,* *,*
#.# #.........§# ***,* *,* #C#
*#...∩......# *,* *,* #@#
*...........# *,* *,* #o#
#.c#...≈....#
*,******,****#c#*#...........#*
***,,,,,,,,,,,,ccc,,,,,.........,
,,,,*****,,,,,oocc.,,,,.........,
,,,,* *,,,,.o.YY..,,,....e....,
,,,,* *,,,.........,,,,,,,,,,,,
,,,,* *,,...........,,,,,,,,,,,
,,,,* *,[............,,,,,,,,,,


You could see a fire giant, an orc knight, a centaur warrior, 2 ice beasts, 5
centaurs, an orc priest, a crimson imp and an orc.

Vanquished Creatures
  Kirke (Lair:4)
  Snorg (D:12)
  8 hydras
  The ghost of raetorn the Spear-Bearer, a journeyman MfGl of Makhleb (D:10)
  6 two-headed ogres
  2 dancing weapons (D:13)
  4 catoblepae
  2 centaur warriors
  2 tengu warriors (D:14)
  11 death yaks (Lair:6)
  Urug (Lair:1)
  An unseen horror (D:11)
  A necromancer (Lair:3)
  2 oklob plants (Lair:1)
  3 manticores
  17 ugly things
  An orc sorcerer (Volcano)
  2 cyclopes
  5 elephants
  Joseph (D:9)
  Maurice (D:13)
  5 black mambas
  2 molten gargoyles (Lair:3)
  3 centaur skeletons
  A torpor snail (Lair:6)
  A gargoyle (D:12)
  9 spiny frogs
  A smoke demon (Volcano)
  7 komodo dragons
  A rime drake (Lair:5)
  2 queen bees
  3 polar bears
  3 trolls
  A wolf spider simulacrum (D:13)
  2 hornets
  3 meliai
  Prince Ribbit (D:5)
  4 slime creatures
  Grinder (D:3)
  2 bog bodies (Lair:3)
  17 blink frogs
  4 dream sheep
  13 hippogriffs
  2 centaur simulacra
  Sigmund (D:6)
  A water elemental (D:13)
  4 wyverns
  43 yaks
  2 basilisks (D:8)
  2 wraiths
  Eustachio (D:4)
  7 fire bats (Volcano)
  3 hogs (Lair:4)
  2 steam dragons
  8 vampire mosquitoes
  A hungry ghost (D:14)
  Menkaure (D:6)
  2 nagas (Lair:2)
  An acid dragon (D:14)
  A swamp worm (Lair:3)
  Edmund (D:5)
  Duvessa (D:5)
  3 hell hounds (Volcano)
  10 porcupines
  3 water moccasins
  3 orc warriors
  2 sky beasts
  5 ice beasts
  A black bear (D:11)
  4 phantoms
  2 necrophages
  11 ogres
  7 wolves
  10 centaurs
  15 crocodiles
  20 bullfrogs
  Dowan (D:5)
  5 scorpions
  A wyvern skeleton (D:11)
  49 killer bees
  7 wights
  3 electric eels
  3 howler monkeys
  8 crimson imps
  3 centaur zombies
  2 bullfrog zombies
  11 lava snakes
  2 gnoll shamans
  2 jellies
  7 hounds
  7 orc priests
  8 orc wizards
  3 bullfrog skeletons
  Ijyb (D:4)
  2 iguanas
  5 hell rats (Lair:3)
  6 worker ants
  A polar bear simulacrum (Lair:3)
  2 wolf simulacra (Lair:3)
  5 yak simulacra (Lair:3)
  3 bullfrog simulacra (D:10)
  A hound zombie (D:5)
  3 worker ant zombies
  10 gnolls
  A howler monkey skeleton (D:4)
  7 adders
  3 shadow imps
  3 white imps (D:13)
  An ooze (D:3)
  An adder zombie (D:9)
  4 worms
  A dart slug (D:1)
  8 leopard geckos
  35 orcs
  5 bats
  8 giant cockroaches
  9 goblins
  6 hobgoblins
  4 jackals (D:3)
  12 kobolds
  6 quokkas
  A ball python (D:2)
  A ball python skeleton (D:4)
  7 frilled lizards
  A jackal skeleton (D:4)
  2 jackal zombies
  A leopard gecko zombie (D:8)
  8 rats
  3 river rat simulacra (Lair:3)
  2 plants
640 creatures vanquished.

Vanquished Creatures (others)
  A human (Lair:4)
  2 centaurs
  A lava snake (Lair:3)
  5 fungi
  7 plants
16 creatures vanquished.

Grand Total: 656 creatures vanquished

Notes
Turn   | Place    | Note
-------+----------+-------------------------------------------
     0 | D:1      | Peloso the Minotaur Fighter began the quest for the Orb.
     0 | D:1      | Reached XP level 1. HP: 19/19 MP: 0/0
    95 | D:1      | Reached XP level 2. HP: 22/27 MP: 1/1
   457 | D:2      | Reached XP level 3. HP: 29/33 MP: 2/2
   738 | D:2      | Reached skill level 4 in Shields
  1073 | D:2      | Found a faded altar of an unknown god.
  1086 | D:2      | Found a hide-covered altar of Uskayaw.
  1090 | D:2      | Noticed a dagger
  1090 | D:2      | Noticed a dagger
  1096 | D:2      | Reached skill level 1 in Dodging
  1276 | D:3      | Found an ancient bone altar of Kikubaaqudgha.
  1366 | D:3      | Noticed Grinder
  1385 | D:3      | Killed Grinder
  1385 | D:3      | Reached XP level 4. HP: 10/41 MP: 3/3
  1385 | D:3      | Reached XP level 5. HP: 12/47 MP: 4/4
  1547 | D:3      | Found a shattered altar of Ashenzari.
  1695 | D:3      | Reached XP level 6. HP: 55/55 MP: 5/5
  2136 | D:4      | Noticed Eustachio
  2196 | D:4      | Killed Eustachio
  2196 | D:4      | Reached skill level 5 in Fighting
  2196 | D:4      | Reached skill level 5 in Long Blades
  2196 | D:4      | Reached skill level 5 in Armour
  2196 | D:4      | Reached skill level 5 in Shields
  2440 | D:4      | Reached XP level 7. HP: 50/61 MP: 6/6
  2445 | D:4      | Found a staircase to the Ecumenical Temple.
  2468 | D:4      | Noticed Ijyb
  2505 | D:4      | Killed Ijyb
  2814 | D:4      | Reached skill level 6 in Shields
  3254 | D:4      | Found an iron altar of Okawaru.
  3277 | D:4      | Became a worshipper of Warmaster Okawaru
  3345 | D:5      | Entered Level 5 of the Dungeon
  3474 | D:5      | Found an ornate altar of the Wu Jian Council.
  3571 | D:5      | Reached XP level 8. HP: 57/69 MP: 7/7
  3703 | D:5      | Noticed Dowan
  3704 | D:5      | Noticed Duvessa
  3722 | D:5      | Killed Duvessa
  3726 | D:5      | Killed Dowan
  3726 | D:5      | Reached * piety under Okawaru
  3902 | D:5      | Noticed Prince Ribbit
  4021 | D:5      | Killed Prince Ribbit
  4021 | D:5      | Reached skill level 7 in Shields
  4073 | D:5      | Noticed Edmund
  4082 | D:5      | Killed Edmund
  4413 | D:6      | Noticed Menkaure
  4424 | D:6      | Killed Menkaure
  4864 | D:6      | Reached XP level 9. HP: 62/78 MP: 5/8
  4908 | D:6      | Reached ** piety under Okawaru
  5023 | D:6      | Noticed Sigmund
  5042 | D:6      | Killed Sigmund
  5124 | D:6      | Reached skill level 8 in Shields
  5712 | D:7      | Found a glowing silver altar of Zin.
  5953 | D:7      | Reached skill level 10 in Long Blades
  6364 | D:8      | Noticed an elephant
  6365 | D:8      | Found a staircase to the Lair.
  6403 | D:7      | Killed an elephant
  6536 | D:8      | Reached *** piety under Okawaru
  6551 | D:8      | Reached skill level 9 in Shields
  6551 | D:8      | Reached XP level 10. HP: 81/88 MP: 9/9
  6768 | D:8      | Found a blossoming altar of Fedhas.
  6769 | D:8      | Found a shimmering altar of Xom.
  6835 | D:8      | Found a hazy altar of Hepliaklqana.
  6837 | D:8      | Found a glowing golden altar of the Shining One.
  7690 | D:9      | Noticed a two-headed ogre
  7699 | D:9      | Killed a two-headed ogre
  7699 | D:9      | Reached **** piety under Okawaru
  7836 | D:9      | Noticed Joseph
  7852 | D:9      | Killed Joseph
  7873 | D:9      | Found the colourful robe
  7939 | D:9      | Noticed a two-headed ogre
  7945 | D:9      | Killed a two-headed ogre
  7945 | D:9      | Reached skill level 10 in Shields
  7994 | D:9      | Reached skill level 1 in Stealth
  8436 | D:10     | Entered Level 10 of the Dungeon
  8467 | D:10     | Noticed a two-headed ogre
  8491 | D:10     | Killed a two-headed ogre
  8491 | D:10     | Reached ***** piety under Okawaru
  8491 | D:10     | Reached XP level 11. HP: 87/95 MP: 10/10
  8534 | D:10     | Reached skill level 10 in Armour
  9016 | D:10     | Found a runed gate.
  9016 | D:10     | Found a runed gate.
  9016 | D:10     | Found a runed gate.
  9029 | D:10     | Noticed raetorn's ghost (journeyman MfGl)
  9435 | D:11     | Killed an unseen horror
  9539 | D:11     | Noticed a five-headed hydra
  9636 | D:11     | Killed a nine-headed hydra
  9636 | D:11     | Received a gift from Okawaru
  9720 | D:11     | Reached skill level 11 in Shields
  9921 | D:11     | Found a staircase to the Orcish Mines.
 10009 | D:11     | Noticed a green ugly thing
 10254 | D:11     | Killed a green ugly thing
 10254 | D:11     | Reached skill level 1 in Invocations
 10678 | D:12     | Noticed a purple ugly thing
 10689 | D:12     | Killed a purple ugly thing
 10782 | D:12     | Received a gift from Okawaru
 10876 | D:12     | Found Helines's Book Emporium.
 10884 | D:12     | Found a glowing golden altar of the Shining One.
 10918 | D:12     | Noticed a two-headed ogre
 10925 | D:12     | Killed a two-headed ogre
 10925 | D:12     | Reached XP level 12. HP: 49/105 MP: 11/11
 11339 | D:12     | Found a runed gate.
 11339 | D:12     | Found a runed gate.
 11339 | D:12     | Found a runed gate.
 11339 | D:12     | Noticed a naga warrior
 11339 | D:12     | Noticed a centaur warrior
 11339 | D:12     | Noticed a tengu warrior
 11339 | D:12     | Noticed ciphuk's ghost (journeyman KoBe)
 11340 | D:12     | Found an iron altar of Okawaru.
 11513 | D:10     | Killed raetorn's ghost
 11513 | D:10     | Reached skill level 5 in Dodging
 11513 | D:10     | Reached skill level 12 in Shields
 11515 | D:10     | Reached skill level 10 in Fighting
 11882 | Lair:1   | Entered Level 1 of the Lair of Beasts
 11911 | Lair:1   | Noticed Urug
 11929 | Lair:1   | Killed Urug
 11942 | Lair:1   | Noticed an eight-headed hydra
 11947 | Lair:1   | Found a dark tunnel.
 11956 | Volcano  | Entered a volcano
 12740 | Volcano  | Found a bloodstained altar of Trog.
 12763 | Volcano  | Found a bloodstained altar of Trog.
 13121 | Lair:1   | Killed an eight-headed hydra
 13121 | Lair:1   | Received a gift from Okawaru
 13138 | Lair:1   | Found the +3 warlock's mirror {reflect}
 13402 | Lair:1   | Reached skill level 1 in Polearms
 13736 | Lair:1   | Reached skill level 13 in Shields
 14230 | Lair:2   | Found a staircase to the Snake Pit.
 14277 | Lair:2   | Reached XP level 13. HP: 88/116 MP: 13/13
 14436 | Lair:2   | Received a gift from Okawaru
 14542 | Lair:2   | Reached ****** piety under Okawaru
 14947 | Lair:3   | Found a glowing silver altar of Zin.
 14969 | Lair:3   | Found a staircase to the Swamp.
 15592 | Lair:3   | Reached skill level 14 in Shields
 16020 | Lair:3   | Identified a scroll of acquirement
 16207 | Lair:4   | Noticed Kirke
 16218 | Lair:4   | Noticed a sphinx
 16240 | Lair:4   | Killed Kirke
 17796 | Lair:4   | Received a gift from Okawaru
 19998 | D:13     | Reached XP level 14. HP: 127/127 MP: 14/14
 20014 | D:13     | Noticed Snorg
 20044 | D:12     | Killed Snorg
 20257 | D:12     | Reached skill level 1 in Evocations
 20680 | D:13     | Reached skill level 15 in Shields
 20728 | D:13     | Reached skill level 15 in Long Blades
 20992 | D:13     | Found a gate to the Vaults.
 21210 | D:13     | Noticed Maurice
 21228 | D:13     | Killed Maurice
 21630 | Lair:6   | Entered Level 6 of the Lair of Beasts
 21880 | Lair:5   | Received a gift from Okawaru
 21899 | Lair:5   | Got a transparent chain mail {god gift}
 21905 | Lair:5   | Identified the +1 chain mail "Sedalu" {rElec Slay+5 Stlth-}
                  | (Okawaru gifted it to you on level 5 of the Lair of Beasts)
 22895 | Lair:6   | Found a viscous altar of Jiyva.
 22896 | Lair:6   | Found a staircase to the Slime Pits.
 23222 | Lair:6   | Reached skill level 16 in Shields
 24303 | Lair:6   | Received a gift from Okawaru
 24589 | Lair:6   | Reached XP level 15. HP: 137/137 MP: 15/15
 24601 | Lair:6   | Identified Jonydede's Grimoire of Displacement
 25930 | D:14     | Got a fine morningstar
 25931 | D:14     | Identified the +0 morningstar "Banisher" {freeze, rPois rC-
                  | Str+7 Int+4} (You found it on level 14 of the Dungeon)
 26053 | D:14     | Received a gift from Okawaru
 26433 | D:14     | Reached skill level 15 in Armour
 26470 | D:15     | Entered Level 15 of the Dungeon
 26504 | D:15     | Noticed a fire giant
 26508 | D:15     | Found Ruhath's Elemental Accessories.
 26512 | D:15     | HP: 4/138 [deep elf mage/bolt of lightning (11)]
 26538 | D:15     | Mangled by a fire giant

Skill      XL: |  1  2  3  4  5  6  7  8  9 10 11 12 13 14 15 |
---------------+----------------------------------------------+-----
Fighting       | 4 5 6 7 8 9 11 12 13 14 | 14.2
Armour         | 4 5 6 7 8 9 11 12 13 14 15 | 15.0
Long Blades    | 3 4 5 6 8 10 12 13 14 15 | 15.9
Shields        | 4 5 6 7 9 10 11 13 14 16 | 16.6
Dodging        | 1 2 3 4 5 6 |  6.4
Stealth        | 1 2 |  2.2
Invocations    | 1 2 |  2.5
Polearms       | 1 3 4 |  4.3
Evocations     | 1 |  1.1

Action                   |  1- 3 |  4- 6 |  7- 9 | 10-12 | 13-15 || total
-------------------------+-------+-------+-------+-------+-------++-------
Melee: Long sword        |    96 |    83 |   243 |       |       ||   422
       Headbutt          |    16 |    13 |   100 |   199 |   352 ||   680
       Falchion          |       |       |   190 |   803 |  1153 ||  2146
       Spear             |       |       |       |     8 |    50 ||    58
       Double sword      |       |       |       |       |    40 ||    40
Invok: Heroism           |       |       |     3 |     8 |    11 ||    22
       Finesse           |       |       |       |     1 |       ||     1
Evoke: Wand              |       |       |       |     2 |     8 ||    10
  Use: Scroll            |       |       |     9 |    12 |    11 ||    32
       Potion            |       |       |       |     2 |     5 ||     7
  Eat: Ration            |       |     1 |       |     2 |     3 ||     6
       Chunk             |       |       |    14 |    20 |    28 ||    62
Armor: Scale mail        |    46 |       |       |       |       ||    46
       Chain mail        |     1 |   105 |   189 |   197 |   149 ||   641
       Plate armour      |       |       |       |       |   306 ||   306
Dodge: Dodged            |    31 |    40 |    92 |   263 |   437 ||   863
Block: Shield            |    51 |    80 |   207 |   359 |       ||   697
       Buckler           |       |       |       |    30 |   616 ||   646
       Reflection        |       |       |       |     1 |    23 ||    24
       Rpst.: Long sword |     9 |     9 |     7 |       |       ||    25
       Falchion          |       |       |    11 |    71 |   102 ||   184
       Double sword      |       |       |       |       |     2 ||     2
